 Dungeon Crawl Stone Soup version 0.31-a0-233-g139696dc86 (webtiles) character file.

Game seed: 16218818758285643673

11 Ottie3000 the Digger (level 2, 0/20 HPs)
             Began as a Draconian Earth Elementalist on July 9, 2023.
             Slain by a hobgoblin (1 damage)
             ... on level 1 of the Dungeon.
             The game lasted 00:12:04 (739 turns).

Ottie3000 the Digger (Draconian Earth Elementalist)  Turns: 739, Time: 00:12:05

Health: 0/20       AC:  4    Str: 10    XL:     2   Next: 13%
Magic:  5/5        EV: 12    Int: 15    God:
Gold:   35         SH:  0    Dex: 11    Spells: 4/5 levels left

rFire   . . .        (no weapon)
rCold   . . .        (no shield)
rNeg    . . .        (body armour unavailable)
rPois   .            (helmet restricted)
rElec   .            (no cloak)
rCorr   .            (no gloves)
SInv    .            (no boots)
Will    .....        (no amulet)
Stlth   ++           (no ring)
HPRegen 0.23/turn    (no ring)
MPRegen 0.09/turn

%: no passive effects
@: no status effects
A: AC +4, unfitting armour, cold-blooded
a: no special abilities


You were on level 1 of the Dungeon.
You visited 1 branch of the dungeon, and saw 1 of its levels.

You collected 35 gold pieces.

Inventory:

Scrolls
 f - a scroll of identify {unknown}
 g - a scroll of enchant weapon {unknown}
Potions
 a - a potion of magic
 b - 2 potions of mutation {unknown}
 c - a potion of cancellation {unknown}
 d - a potion of degeneration {unknown}
 e - a potion of curing {unknown}


   Skills:
 + Level 0.1 Fighting
 + Level 2.0 Dodging
 + Level 1.9 Stealth
 + Level 2.1 Spellcasting
 + Level 1.0 Transmutations
 + Level 3.2 Earth Magic


You had 4 spell levels left.
You knew the following spells:

 Your Spells              Type           Power      Damage    Failure   Level
a - Sandblast             Erth           22%        2d7       6%          1

Your spell library contained the following spells:

 Spells                   Type           Power      Damage    Failure   Level
 Passwall                 Tmut/Erth      6%         N/A       14%         2
 Stone Arrow              Conj/Erth      12%        3d7       32%         3
 Petrify                  Tmut/Erth      8%         N/A       65%         4


Dungeon Overview and Level Annotations

Branches:
Dungeon (1/15)

Altars:


Innate Abilities, Weirdness & Mutations

Your plain brown scales are hard. (AC +4)
You cannot fit into any form of body armour.
You are cold-blooded and may be slowed by cold attacks.


Message History

The kobold is severely wounded.
The kobold hits you but does no damage. The kobold barely misses you.
You barely miss the kobold.
The kobold is severely wounded.
The kobold hits you with a +0 club. The kobold closely misses you.
You hit the kobold but do no damage. You tail-slap the kobold.
You kill the kobold!
The kobold hits you but does no damage. The kobold closely misses you.
Things that are here:
a +0 club; 3 stones; a kobold corpse You see here a hobgoblin corpse.
The kobold throws a stone.
The stone hits you but does no damage.
You see here a +0 flail.
The kobold throws a stone.
The stone hits you but does no damage.
You see here a +0 flail.
You hit the kobold but do no damage. The kobold hits you but does no damage.
You closely miss the kobold. The kobold barely misses you.
You barely miss the kobold. The kobold hits you but does no damage.
You closely miss the kobold.
The kobold hits you with a +0 short sword.
The hobgoblin shouts!
You hit the kobold but do no damage.
The kobold hits you with a +0 short sword.
You hit the kobold but do no damage.
The kobold hits you with a +0 short sword.
* * * LOW HITPOINT WARNING * * *
You barely miss the kobold.
The kobold hits you with a +0 short sword.
* * * LOW HITPOINT WARNING * * *
You barely miss the kobold.
The kobold hits you with a +0 short sword.
* * * LOW HITPOINT WARNING * * *
The hobgoblin barely misses you.
You barely miss the kobold. The kobold barely misses you.
The hobgoblin hits you.
* * * LOW HITPOINT WARNING * * *
You barely miss the kobold. The kobold closely misses you.
The hobgoblin hits you.
You die...

############# #...........#
....##.)##.##.# # ##...##.##.#
#...†.#.##.#######
##...##..........###
##gK#####.###.....# #.@#####.#
#.#.#.# #.# #........# #.#...#
###.# ##+######## #.##..# #....#
##...## #.....# #.##.##
##.....## #####.##
#.#...####.......## ##.###.#
#......##.........####...##.###
##.................'............
#..................####...##.###


You could see a hobgoblin and a kobold.

Vanquished Creatures
  A bat (D:1)
  A giant cockroach (D:1)
  2 goblins (D:1)
  A hobgoblin (D:1)
  3 ball pythons (D:1)
  A kobold (D:1)
  A rat (D:1)
10 creatures vanquished.

Notes
Turn   | Place    | Note
-------+----------+-------------------------------------------
     0 | D:1      | Ottie3000 the Draconian Earth Elementalist began the quest
                  | for the Orb.
     0 | D:1      | Reached XP level 1. HP: 14/14 MP: 3/3
   153 | D:1      | Found a faded altar of an unknown god.
   633 | D:1      | Reached XP level 2. HP: 20/20 MP: 5/5
   738 | D:1      | HP: 1/20 [hobgoblin (3)]
   739 | D:1      | Slain by a hobgoblin

Illustrated notes

Levels and vault maps discovered:
D:1:      scummos_arrival_gate, layout_loops_corners,
          nicolae_ecumenical_snake_handling

Skill      XL: |  1 |
---------------+----+-----
Dodging        | 2 |  2.0
Fighting       | |  0.1
Stealth        | |  1.9
Spellcasting   | |  2.1
Transmutations | |  1.0
Earth Magic    | |  3.2

Action                     || total
---------------------------++-------
  Melee: Unarmed           ||    84
         Tailslap          ||     6
         Punch             ||     1
 Armour: Skin              ||    49
  Dodge: Dodged            ||    95

Table legend: (Time is in decaauts)
 A = Elapsed time spent in this place.
 B = Non-inter-level travel time spent in this place.
 C = Inter-level travel time spent in this place.
 D = Time resting spent in this place.
 E = Time spent auto-exploring this place.
 F = Levels seen in this place.
 G = Mean time per level.
                   A        B        C        D        E       F      G
               +--------+--------+--------+--------+--------+-----+--------+
         Total |    739 |    732 |      7 |      0 |      0 |   1 |  739.0 |
       Dungeon |    739 |    732 |      7 |      0 |      0 |   1 |  739.0 |
               +--------+--------+--------+--------+--------+-----+--------+

Top non-repeatable levels by time:
     D:1: 739 daAuts
